 Dungeon Crawl Stone Soup version 0.30-a0-474-g5673dd7ce6 (webtiles) character file.

Game seed: 10598391172634605917

100 Ijustatesigmund the Sneak (level 5, -9/32 HPs)
             Began as a Kobold Brigand on Dec 20, 2022.
             Mangled by nujazz's ghost (13 damage)
             ... on level 2 of the Dungeon.
             The game lasted 00:02:09 (1846 turns).

Ijustatesigmund the Sneak (Kobold Brigand)          Turns: 1846, Time: 00:02:10

Health: -9/32      AC:  4    Str: 11    XL:     5   Next: 3%
Magic:  5/5        EV: 15    Int: 12    God:
Gold:   33         SH:  0    Dex: 16    Spells: 4/4 levels left

rFire   . . .      SeeInvis .    a - +2 dagger
rCold   . . .      Faith    .    (no shield)
rNeg    . . .      Spirit   .    b - +0 robe
rPois   .          Reflect  .    (no helmet)
rElec   .          Harm     .    c - +0 cloak
rCorr   .          Rampage  .    h - +0 pair of gloves
Will    .....                    (no boots)
Stlth   ++++......               (no amulet)
HPRegen 0.25/turn                (no ring)
MPRegen 0.09/turn                (no ring)

@: flying
A: small, no large weapons, nightstalker 3
a: no special abilities


You were on level 2 of the Dungeon.
You visited 1 branch of the dungeon, and saw 3 of its levels.

You collected 33 gold pieces.

Inventory:

Hand Weapons
 a - a +2 dagger (weapon)
Missiles
 d - 15 poisoned darts (quivered)
 e - 3 curare-tipped darts
 q - 6 atropa-tipped darts
Armour
 b - a +0 robe (worn)
 c - a +0 cloak (worn)
 h - a +0 pair of gloves (worn)
Jewellery
 l - an amulet of guardian spirit
Wands
 m - a wand of paralysis (1)
Scrolls
 f - a scroll of identify {unknown}
 g - a scroll of fog {unknown}
 i - a scroll of magic mapping
 j - a scroll of enchant armour {unknown}
 k - a scroll of poison {unknown}
 o - a scroll of teleportation {unknown}
Potions
 n - a potion of curing {unknown}
 p - a potion of flight


   Skills:
 + Level 3.2 Fighting
 + Level 3.9 Short Blades
 - Level 2.1 Throwing
 + Level 2.7 Dodging
 + Level 6.2 Stealth


You had 4 spell levels left.
You didn't know any spells.
Your spell library was empty.

Dungeon Overview and Level Annotations

Branches:
Dungeon (3/15)

Altars:

Annotations:
D:2 nujazz's ghost, amateur AtFi


Innate Abilities, Weirdness & Mutations

You are small and have problems with some larger weapons.
You are completely attuned to the shadows.


Message History

You see here a +0 short sword.
Found a stone staircase leading up.
A rat comes into view.
Found 6 atropa-tipped darts.
Found a scale mail.
Found a runed translucent door.
The helpless rat fails to defend itself.
You impale the rat!!
You kill the rat!
No target in view!
There is a stone staircase leading up here.
q - 6 atropa-tipped darts
Found a short sword.
Nujazz's ghost turns its malevolent gaze towards you.
You open the door. Nujazz's ghost closely misses you.
There is a stone staircase leading up here.
Nujazz's ghost hits you but does no damage.
You climb upwards.
There is a stone staircase leading down here.
You hit nujazz's ghost.
Nujazz's ghost is lightly damaged.
You hit nujazz's ghost but do no damage.
Nujazz's ghost is lightly damaged.
Nujazz's ghost misses you.
You barely miss nujazz's ghost.
Nujazz's ghost is lightly damaged.
Nujazz's ghost hits you!
You hit nujazz's ghost but do no damage.
Nujazz's ghost is lightly damaged.
Nujazz's ghost barely misses you.
It was a potion of flight.
You feel very buoyant.
You fly up into the air.
Nujazz's ghost hits you!
Nujazz's ghost attacks as you move away!
Nujazz's ghost hits you!
* * * LOW HITPOINT WARNING * * *
As you read the scroll labelled IZUGGE SUFFAE, it crumbles to dust.
You feel momentarily disoriented.
It was a scroll of magic mapping.
Nujazz's ghost hits you!
You die...

#.# ####.####
#########.......#
#..........#.##.#
#.#######..#.##.########
#.##....>..............#
#.##.####..#.##.######.#
#.##.# #..#.##.######.#
##.##.# #...>.W@.......#
...##.# ##......<......#
#####.##
#.#.#######...########
.......# #.#.#
#..........## ###.##.#
#.#.# #..######...#
#.##.# #...# #..# #...#
#.##.# #..## #####..#
####...# #.##.# #..#
#..>...###....... #.##.#
#..## #.####...........


You could see nujazz's ghost.

Vanquished Creatures
  4 adders (D:2)
  A worm (D:2)
  3 dart slugs
  3 orcs (D:2)
  4 ball pythons
  5 bats
  7 endoplasms
  A giant cockroach (D:1)
  6 goblins
  2 hobgoblins (D:1)
  A quokka (D:3)
  8 frilled lizards
  4 kobolds
  4 rats
53 creatures vanquished.

Notes
Turn   | Place    | Note
-------+----------+-------------------------------------------
     0 | D:1      | Ijustatesigmund the Kobold Brigand began the quest for the
                  | Orb.
     0 | D:1      | Reached XP level 1. HP: 12/12 MP: 1/1
    60 | D:1      | Found a faded altar of an unknown god.
    69 | D:1      | Reached XP level 2. HP: 18/18 MP: 2/2
   480 | D:1      | Reached XP level 3. HP: 20/22 MP: 3/3
  1034 | D:2      | Reached XP level 4. HP: 27/27 MP: 4/4
  1250 | D:2      | Reached skill level 6 in Stealth
  1735 | D:3      | Reached XP level 5. HP: 32/32 MP: 5/5
  1823 | D:3      | Found a runed translucent door.
  1825 | D:3      | Noticed nujazz's ghost (amateur AtFi)
  1846 | D:2      | Mangled by nujazz's ghost

Illustrated notes

Levels and vault maps discovered:
D:1:      grunt_arrival_lava_bath, layout_loops_ring,
          chequers_ecumenical_altar_simple, minmay_misc_feat_plants,
          nicolae_titane
D:2:      layout_loops_ring, minivault_11
D:3:      layout_rooms, slow_altar_1, gammafunk_ghost_grave, minmay_cupped

Skill      XL: |  1  2  3  4 |
---------------+-------------+-----
Short Blades   | 3 |  3.9
Dodging        | 2 |  2.7
Fighting       | 3 |  3.2
Stealth        | 6 |  6.2
Throwing       | |  2.1

Action                   |  1- 3 |  4- 6 || total
-------------------------+-------+-------++-------
Melee: Dagger            |    57 |    50 ||   107
       Punch             |       |     1 ||     1
  Use: Scroll            |       |     1 ||     1
       Potion            |       |     1 ||     1
 Stab: Sleeping          |    19 |    16 ||    35
Armor: Robe              |       |     4 ||     4
Dodge: Dodged            |    27 |    23 ||    50

Table legend: (Time is in decaauts)
 A = Elapsed time spent in this place.
 B = Non-inter-level travel time spent in this place.
 C = Inter-level travel time spent in this place.
 D = Time resting spent in this place.
 E = Time spent auto-exploring this place.
 F = Levels seen in this place.
 G = Mean time per level.
                   A        B        C        D        E       F      G
               +--------+--------+--------+--------+--------+-----+--------+
         Total |   1828 |   1759 |     69 |      0 |   1461 |   3 |  609.3 |
       Dungeon |   1828 |   1759 |     69 |      0 |   1461 |   3 |  609.3 |
               +--------+--------+--------+--------+--------+-----+--------+

Top non-repeatable levels by time:
     D:1: 892 daAuts
     D:2: 827 daAuts
     D:3: 107 daAuts
